Cogmind - Beta 15 @@@ ROGUE MODE // 2025.09.16 @ 21:49:23 Player: cottonman132 Result: Destroyed by XG-E9D(R) with Subdweller Laser Performance ------------- Evolutions (0) 0 Regions Visited (2) 400 Robots Destroyed (11) 55 Value Destroyed (351) 351 Prototype IDs (0) 0 Alien Tech Used (0) 0 Bonus (0) 0 TOTAL SCORE: 806 Bonus ------- None Cogmind --------- Core Integrity 0/250 Matter 290/300 Energy 88/265 System Corruption 0% Temperature Cool (14) Movement Walking (120) Location -10/Subcaves Parts ------- > --- POWER (1) -------- Improved Ion Engine > --- PROPULSION (2) --- Aluminum Leg Aluminum Leg > --- UTILITY (2) ------ Small Storage Unit > --- WEAPON (2) ------- Heavy Hammer Heavy Hammer > --- INVENTORY (8) ---- Improved Ion Engine Arachnoskeleton Heavy Hammer Heavy Hammer Peak State ------------ > --- POWER ------------ Improved Ion Engine > --- PROPULSION ------- Aluminum Leg Aluminum Leg > --- UTILITY ---------- Small Storage Unit Core Shielding > --- WEAPON ----------- Heavy Hammer Heavy Hammer > --- INVENTORY -------- Improved Ion Engine Improved Ion Engine Aluminum Leg Arachnoskeleton Heavy Hammer Heavy Hammer [Rating: 13] Favorites ----------- Power Light Ion Engine Engine Light Ion Engine Propulsion Aluminum Leg Leg Aluminum Leg Wheel Wheel Utility Small Storage Unit Storage Small Storage Unit Protection Core Shielding Weapon Heavy Hammer Energy Gun EM Pulse Gun Ballistic Gun Assault Rifle Impact Weapon Heavy Hammer Slashing Weapon Mining Claw Build | -11 -10 -10 ------- Run | Yrd Mat Sub Slots Evolved . | . . . Power . | . . . Propulsion . | . . . Utility . | . . . Weapon . | . . . Parts Attached 18 | 4 11 3 Power 4 | 1 1 2 Engine 4 | 1 1 2 Core . | . . . Reactor . | . . . Propulsion 7 | 2 4 1 Treads . | . . . Leg 5 | . 4 1 Wheel 2 | 2 . . Hover . | . . . Flight . | . . . Utility 2 | 1 1 . Device . | . . . Storage 1 | 1 . . Processor . | . . . Hackware . | . . . Protection 1 | . 1 . Artifact . | . . . Weapon 5 | . 5 . Energy Gun 1 | . 1 . Energy Cannon . | . . . Ballistic Gun 1 | . 1 . Ballistic Cannon . | . . . Launcher . | . . . Special Weapon . | . . . Impact Weapon 2 | . 2 . Slashing Weapon 1 | . 1 . Piercing Weapon . | . . . Special Melee Weapon . | . . . Unidentified Prototypes . | . . . Parts Lost 5 | . 1 4 Power 3 | . 1 2 Propulsion 1 | . . 1 Utility 1 | . . 1 Weapon . | . . . Highest Loss Streak 3 | . 1 3 To Critical Strikes . | . . . Average Backups 6 | 3 6 6 Power 1 | . 1 2 Propulsion 1 | 1 2 1 Utility . | . 1 . Weapon 1 | 1 1 2 Tool/Special . | . . . Unused Backups 9 | . 3 6 Power 3 | . 2 1 Propulsion 1 | . . 1 Utility 2 | . . 2 Weapon 3 | . 1 2 Tool/Special . | . . . Average Slot Usage (%) 97 | . 94 99 Engine 13 | . 13 13 Leg 27 | . 26 28 Storage 14 | . 14 14 Protection 13 | . 13 14 Energy Gun 3 | . 7 . Impact Weapon 18 | . 7 28 Slashing Weapon 3 | . 7 . Peak Build Rating 13 | 4 10 13 Average Rating 9 | 2 7 11 On Entrance 4 | . 4 10 Naked Turns . | . . . Heaviest Build 19 | 8 15 19 Greatest Support 26 | 26 26 20 Greatest Overweight (x) 2 | 2 . . Average Overweight (x) . | . . . Largest Inventory Capacity 8 | 8 8 8 Average Capacity 7 | 7 8 8 Most Carried 8 | 6 8 8 Average Carried 7 | 3 6 7 Final Capacity 8 | 8 8 8 Final Carried 8 | 6 8 6 Class Distribution -------------------- 100% | Mutant Dominant Class ---------------- Mutant | -10/Materials Mutant | -10/Subcaves Resources | -11 -10 -10 ----------- Run | Yrd Mat Sub Matter Collected 385 | 216 144 25 Remotely . | . . . Salvage Created 531 | . 401 130 Parts 19 | . 17 2 Haulers Intercepted . | . . . Recyclers Shooed 4 | . 4 . Parts Field Recycled . | . . . Retrieved Matter . | . . . Parts Self-Destructed 5 | . . 5 Prevented . | . . . Kills | -11 -10 -10 ------- Run | Yrd Mat Sub Combat Hostiles Destroyed 8 | . 5 3 Melee 5 | . 4 1 Guns 1 | . 1 . Classes Destroyed 5 | . 3 2 Recycler 2 | . 2 . Watcher 1 | . 1 . Grunt 5 | . 5 . Artisan 1 | . . 1 Subdweller 3 | . . 3 Best Kill Streak 4 | . 4 2 Combat Bots Only 2 | . 2 2 Max Kills in Single Turn 1 | . 1 1 Gunslinging . | . . . Exploded . | . . . Melee 1 | . 1 1 Uniques/NPCs Destroyed . | . . . Combat | -11 -10 -10 -------- Run | Yrd Mat Sub Hostile Shots Fired 65 | . 23 42 Missed 14 | . 4 10 Hits 51 | . 19 32 Projectile 51 | . 19 32 Critical Strikes 1 | . . 1 Actively Blocked 1 | . . 1 Damage Taken 934 | . 227 707 Core 256 | . 18 238 Absorbed by Shields . | . . . Redirected to Shielding 52 | . 4 48 Core Remaining (%) 100 | 100 . . Volleys Fired 10 | . 10 . Largest 2 | . 2 . Hottest 60 | . 60 . Shots Fired 12 | . 12 . Gun 12 | . 12 . Cannon . | . . . Launcher . | . . . Special . | . . . Kinetic 10 | . 10 . Thermal . | . . . Explosive . | . . . Electromagnetic 2 | . 2 . Robot Hit Streak 4 | . 4 . Robot Miss Streak 4 | . 4 . Penetration Max . | . . . Secondary Targets . | . . . Shots Hit Robots 46 | . 23 23 Core Hits 13 | . 10 3 Critical Kills 1 | . . 1 Critical Parts Destroyed 3 | . . 3 Critical Strikes 6 | . . 6 Smash 6 | . . 6 Melee Attacks 77 | . 22 55 Impact 56 | . 1 55 Slashing 21 | . 21 . Piercing . | . . . Sneak Attacks 6 | . 4 2 Combat Hostiles . | . . . Follow-up Attacks 1 | . . 1 Damage Inflicted 1299 | . 501 798 Guns 98 | . 98 . Cannons . | . . . Explosions . | . . . Melee 1201 | . 403 798 Ramming . | . . . Kinetic 76 | . 76 . Thermal . | . . . Explosive . | . . . Electromagnetic 22 | . 22 . Impact 798 | . . 798 Slashing 403 | . 403 . Piercing . | . . . Highest Corruption . | . . . Average Corruption . | . . . Corruption Purged . | . . . Corruption Blocked . | . . . Overload Shots . | . . . Overflow Damage 175 | . 29 146 Projectiles . | . . . Explosions . | . . . Melee 175 | . 29 146 Knockbacks 11 | . . 11 Impact 9 | . . 9 Kinetic . | . . . Secondary 2 | . . 2 Self-Inflicted Damage . | . . . Shots . | . . . Rammed . | . . . Targets Rammed . | . . . Kicked . | . . . Crushed . | . . . Highest Temperature . | . . . Average Temperature . | . . . Received Heat Transfer 339 | . 129 210 Siege Activations . | . . . Martial Activations . | . . . Shielding Activations . | . . . Robots Disrupted . | . . . Combat Hostiles . | . . . Robots Corrupted 3 | . . 3 Combat Hostiles 2 | . . 2 Parts Fried 1 | . . 1 Impact Corruptions 7 | . . 7 Robots Melted . | . . . Combat Hostiles . | . . . Parts Melted . | . . . Heat Transferred . | . . . Parts Sabotaged . | . . . Parts Stolen . | . . . Parts Stripped . | . . . Power Chain Reactions . | . . . Alert | -11 -10 -10 ------- Run | Yrd Mat Sub Maximum Alert Level . | . . . Low Security (%) 100 | 100 100 . Level 1 . | . . . Level 2 . | . . . Level 3 . | . . . Level 4 . | . . . Level 5 . | . . . High Security . | . . . Max Security . | . . . Peak Influence 55 | . 55 . Initial . | . . . Average 19 | . 22 . Influence Increases 199 | . 199 . Destroy 0b10 Robot/C 100 | . 100 . Destroy 0b10 Robot/NC 15 | . 15 . Destroy Leader 22 | . 22 . Successful Hack 17 | . 17 . Disable Machine 30 | . 30 . Lose Combat Pursuer 15 | . 15 . Influence Decreases 199 | . 196 3 Entered New Map 3 | . . 3 Time Decay 186 | . 186 . Lost Part 10 | . 10 . Squads Dispatched 2 | . 2 . Investigation 2 | . 2 . Extermination . | . . . Reinforcement . | . . . Assault . | . . . Garrison . | . . . Intercept . | . . . Searches Triggered . | . . . Construction Impeded . | . . . Haulers Reinforced . | . . . Active Scanning Responses . | . . . Cargo Convoy Interrupts . | . . . Stealth | -11 -10 -10 --------- Run | Yrd Mat Sub Distress Signals . | . . . Communications Jammed . | . . . Distress Signals . | . . . Times Spotted 13 | . 7 6 Peak Tracking Total 3 | . 3 3 Tactical Retreats 2 | . 1 1 Traps | -11 -10 -10 ------- Run | Yrd Mat Sub Traps Triggered 1 | . 1 . Indirectly . | . . . Trap Hack Attempts . | . . . Triggered . | . . . Disarmed . | . . . Reprogrammed . | . . . Reused . | . . . Traps Extracted . | . . . Installed . | . . . Triggered . | . . . Machines | -11 -10 -10 ---------- Run | Yrd Mat Sub Machines Disabled 4 | . 2 2 Max in Single Turn 1 | . 1 1 Machines Repaired . | . . . Machines Dismantled . | . . . Machines Sabotaged . | . . . Overloaded Fab Kills . | . . . Hacking | -11 -10 -10 --------- Run | Yrd Mat Sub Machines Accessed 5 | . 4 1 Terminals 3 | . 3 . Fabricators . | . . . Repair Stations . | . . . Recycling Units 1 | . 1 . Scanalyzers . | . . . Garrison Access . | . . . Total Hacks 14 | . 13 1 Successful 7 | . 6 1 Failed 6 | . 6 . Catastrophic 1 | . 1 . Database Lockouts 1 | . 1 . Manual 10 | . 10 . Terminals 12 | . 12 . Fabricators . | . . . Repair Stations . | . . . Recycling Units 1 | . 1 . Scanalyzers . | . . . Garrison Access . | . . . Terminal Hacks 6 | . 5 1 Record 1 | . . 1 Robot Analysis 1 | . 1 . Emergency Access Points 1 | . 1 . Locate Traps 1 | . 1 . Registered Components 1 | . 1 . Zone Layout 1 | . 1 . Fabricator Hacks . | . . . Repair Station Hacks . | . . . Recycling Unit Hacks 1 | . 1 . Report Inventory 1 | . 1 . Scanalyzer . | . . . Garrison Access Hacks . | . . . Unauthorized Hacks . | . . . Terminals . | . . . Fabricators . | . . . Repair Stations . | . . . Recycling Units . | . . . Scanalyzers . | . . . Garrison Access . | . . . Data Cores Recovered . | . . . Used . | . . . Hacking Detections 4 | . 4 . Full Trace Events 1 | . 1 . Feedback Events . | . . . Feedback Blocked . | . . . Robot Schematics Acquired . | . . . Robots Built . | . . . Authchips . | . . . Time . | . . . Total Robot Build Rating . | . . . Part Schematics Acquired . | . . . Parts Built . | . . . Authchips . | . . . Time . | . . . Total Part Build Rating . | . . . Parts Repaired . | . . . Time . | . . . Parts Recycled . | . . . Recycled Matter . | . . . Retrieved Matter . | . . . Retrieved Components . | . . . Parts Scanalyzed . | . . . Part Schematics Acquired . | . . . Parts Damaged . | . . . Bothacking | -11 -10 -10 ------------ Run | Yrd Mat Sub Used RIF Installer . | . . . Robots Hacked . | . . . Non-combat . | . . . Combat . | . . . Robot Hacks Applied . | . . . Relay Couplers Released . | . . . Fabnet Peak Effective % . | . . . Robots Rewired . | . . . Allies Hacked . | . . . Hacks Repelled . | . . . Allies | -11 -10 -10 -------- Run | Yrd Mat Sub Total Allies . | . . . Largest Group . | . . . Highest-Rated Group . | . . . Highest-Rated Ally . | . . . Total Orders . | . . . Ally Attacks . | . . . Total Damage . | . . . Kills . | . . . Allies Corrupted . | . . . Allies Melted . | . . . Intel | -11 -10 -10 ------- Run | Yrd Mat Sub Active Infowar (turns) . | . . . Robot Analysis Total 1 | . 1 . Derelict Logs Recovered 2 | . . 2 Drone Launches . | . . . Drone Recoveries . | . . . Exploration | -11 -10 -10 ------------- Run | Yrd Mat Sub Turns Passed 1051 | 60 451 540 Spaces Moved 643 | 48 269 326 Core 16 | 16 . . Treads . | . . . Legs 570 | . 244 326 Wheels 57 | 32 25 . Hover . | . . . Flight . | . . . Fastest Speed 50 | 50 90 120 Average Speed 117 | 97 117 120 Slowest Speed 150 | 150 120 120 Overloaded Moves . | . . . Propulsion Burnouts . | . . . Robots Hopped . | . . . Potential Cave-ins . | . . . Cave-ins Triggered . | . . . Exploration Rate (%) 21 | 4 44 17 Regions Visited 2 Branch Regions 1 Pre-discovered Areas . | . . . Known Exits Taken . | . . . Unknown Exits Taken 2 | 1 1 . Scrap Searched . | . . . Spaces Dug . | . . . Terrain Destroyed . | . . . Melee . | . . . Projectile . | . . . AOE . | . . . Terrain Rammed . | . . . Walls Destroyed . | . . . Machines Disabled . | . . . Actions | -11 -10 -10 --------- Run | Yrd Mat Sub Total 801 | 61 353 387 Wait 24 | . 19 5 Move 641 | 47 268 326 Hop . | . . . Pick Up 24 | 10 13 1 Fast Attach . | . . . Attach 13 | 4 6 3 Detach . | . . . Swap 5 | . 5 . Drop 12 | . 10 2 Fire 10 | . 10 . Melee 72 | . 22 50 Ram . | . . . Kick . | . . . Crush . | . . . Escape Stasis . | . . . Rewire . | . . . Trap . | . . . Miscellaneous . | . . . Route ------- -11/Scrapyard -10/Materials (discovered 3 exits: [*Mat x2] / *Sub) -10/Subcaves History --------- Turn | Location | Event 16 | -11/Scrapyard | Discovered new exit (range 16) 61 | -11/Scrapyard | Entered Materials 219 | -10/Materials | Discovered new exit (range 3) 234 | -10/Materials | Central database locked down 300 | -10/Materials | Build established: Mutant 412 | -10/Materials | Discovered new exit (range 16) 505 | -10/Materials | Discovered new exit (range 7) 512 | -10/Materials | Entered Subcaves 513 | -10/Subcaves | Approached by a straggling Scientist 644 | -10/Subcaves | Visited 4L-MR0's lab 704 | -10/Subcaves | Found Prototype Leg 1041 | -10/Subcaves | Core integrity fell below 50% 1047 | -10/Subcaves | Core integrity fell below 20% 1052 | -10/Subcaves | Destroyed by XG-E9D(R) with Subdweller Laser Last Messages --------------- 00977_ Sneak attack on 3X-XMJ(u). 00977_ Destroyed Multitool. 00977_ 3X-XMJ(u) system corrupted by crushing effect. 01014_ Sneak attack on 3X-XMJ(u). 01014_ 3X-XMJ(u) suffers critical hit (Smash). 01014_ Destroyed Wheel. 01014_ 3X-XMJ(u) system corrupted by crushing effect. 01015_ 3X-XMJ(u) system terminally corrupted. 01015_ Lgt. Ion Engine fried. 01015_ 3X-XMJ(u) cries out in pain. NR-IZD(c): "I think it's somewhere north of here" 01034_ DA-9RT(R) knocked back. 01034_ Aluminum Leg destroyed. 01039_ DA-9RT(R) suffers critical hit (Smash). 01041_ DA-9RT(R) knocked back. 01050_ Imp. Ion Engine destroyed. 01052_ Core Shielding destroyed. Map ----- +----------------------------------------------------+ | ???????????????????????????????????#% "#?# | | ???????????????????????????????????#" %!#?# #" | | ???????????????????????????????????###+##### ## | | ??????????????????????????????????### & ##" # | | ??????????????????????????????????# ## | | ??????????????????????????????????# "" ## | | ??????????????????????????????????# """"### | | ??????????????????????????????????## ""#### | | ???????????????????????????????????#########??### | | ???????????????????????????????????????????????## | | ???????????????????????????????????????????????# | | ???????????????????????????????????????????????## | | ?????????????????????????????????????????????##### | | ????????????????????????????????????????????## ## | | ????????????????????????????????????????????# | | ?????????????????????????????????????????#### | | ?????????????????????????????????????????#"" # | | ?????????????????????????????????????????## # | | ??????????????????????????????????????????# "# | | ??????????????????????????????????????????#""" "## | | ??????????????????????########????????????##"" ##? | | ???????????????????#### ####????????###"" ### | | ??????????????????## ##??????## ##" # | | ?????????? ### R #??????# ##" | | ?????????? %##??#### ## | | ?????????? R@ #### # " | | ??????????????# ## "" | | ??????????????#### ### """""" | | ????????????????# ##?# #####" ""## | | ?????????????? ######?# ##???## ""#?## | | ????????????# ????????# ##????# #??? | | ???????????? ##?????????# #?????# # #??? | | ???????????? ????????????# ??? ###??? | | ????????????? ????????????? ?? #????? | | ?????????????????????????? # # ## #????? | | ?????????????????????????## ######?########????? | | ??????????????????????????## #???????????????????? | | ???????????????????????????##????????????????????? | | ?????????????????????????????????????????????????? | | ?????????????????????????????????????????????????? | | ?????????????????????????????????????????????????? | | ?????????????????????????????????????????????????? | | ?????????????????????????????????????????????????? | | ?????????????????????????????????????????????????? | | ?????????????????????????????????????????????????? | | ?????????????????????????????????????????????????? | | ?????????????????????????????????????????????????? | | ?????????????????????????????????????????????????? | | ?????????????????????????????????????????????????? | | ?????????????????????????????????????????????????? | +----------------------------------------------------+ Best States ------------- Heat Dissipation 25 Energy Generation 12 Energy Capacity 265 Matter Stores 300 Matter Capacity 300 Sight Range 16 Terrain Scan Density 10 Core Shielding 20 Evasion (%) 55 Item Schematics ----------------- None Robot Schematics ------------------ None Fabricated ------------ Nothing Repaired ---------- Nothing Alien Tech Used ----------------- None Achievements -------------- None Challenges ------------ None Game ------ Seed HybridLauncherMount Manual? 0 Play Time 00:10:17 Cumulative 11.1 hours Start 2025.09.16 @ 21:39:06 End 2025.09.16 @ 21:49:23 Sessions 1 Manual Loads 0 Difficulty Rogue Special Mode None Game No. 36 Rogue 36 Adventurer 0 Explorer 0 Win Type - Total 0 Types 0/0/0/0/0/0/0/0/0/0 Lore% 19 Gallery% 11 Achievement% 16 Wizard Run 0 Options --------- Layout 2 ASCII 0 Keyboard 0 Movement Mouse Keybinds 0 Fullscreen 1 Font 24/Smallcaps Map View 50x44 Zoom Use 0% Tactical HUD 1 Map Filters NONE Filters NONE Steam 1 RUN: 357a4571-8f55-4a6b-8d32-666f76b3dfd0